 Dungeon Crawl Stone Soup version 0.30-a0-964-gd452b5e7fa (webtiles) character file.

Game seed: 3101363825985166869

26545 IdlyInterested the Carver (level 12, -10/98 HPs)
             Began as a Demonspawn Gladiator on Mar 30, 2023.
             Was a Priest of Trog.
             Shot with an arrow by a deep elf archer (20 damage)
             ... on level 13 of the Dungeon.
             The game lasted 00:46:28 (12210 turns).

IdlyInterested the Carver (Demonspawn Gladiator)   Turns: 12210, Time: 00:46:28

Health: -10/98     AC: 16    Str: 15    XL:     12   Next: 99%
Magic:  12/12      EV: 16    Int:  9    God:    Trog [***...]
Gold:   1129       SH:  0    Dex: 20    Spells: 11/11 levels left

rFire   . . .      SeeInvis .    C - +4 scimitar (flame)
rCold   . . .      Faith    .    E - +1 tower shield
rNeg    + . .      Spirit   .    P - +0 steam dragon scales
rPois   +          Reflect  +    (helmet restricted)
rElec   +          Rampage  .    q - +0 cloak
rCorr   +                        Y - +2 pair of gloves
Will    .....                    f - +1 pair of boots of the Jumping Gods {Fly rElec rN+}
Stlth   +                        c - amulet of reflection
HPRegen 0.36/turn                u - +5 ring of evasion
MPRegen 0.13/turn                t - ring of poison resistance

@: confused, flying
A: horns 1, yellow scales 3, foul stench 2, spiny 2
a: Renounce Religion, Berserk, Trog's Hand


You were on level 13 of the Dungeon.
You worshipped Trog.
Trog was most pleased with you.
You visited 2 branches of the dungeon, and saw 14 of its levels.
You also visited: Sewer.

You collected 1142 gold pieces.
You spent 13 gold pieces at shops.

Inventory:

Hand Weapons
 a - a +0 long sword
 C - a +4 scimitar of flaming (weapon)
 D - a +2 great sword of draining
 Z - a +0 long sword
Missiles
 d - 4 throwing nets
 e - 4 javelins
 g - 67 stones
 m - 9 poisoned darts (quivered)
 w - 15 boomerangs
 N - 6 curare-tipped darts
Armour
 f - the +1 pair of boots of the Jumping Gods (worn) {Fly rElec rN+}
   (You acquired it on level 2 of the Dungeon)

   rElec:     It insulates you from electricity.
   rN:        It protects you from negative energy.
   Fly:       It grants you flight.
 i - a +2 robe of cold resistance
 j - the +2 robe of Geysch {Will- MP+9 SInv}
   (You found it on level 6 of the Dungeon)

   MP:        It affects your magic capacity (+9).
   SInv:      It lets you see invisible.
   Will:      It decreases your willpower.
 q - a +0 cloak (worn)
 E - a +1 tower shield (worn)
 P - +0 steam dragon scales (worn)
 S - a scarf of shadows
 Y - a +2 pair of gloves (worn)
Jewellery
 c - an amulet of reflection (around neck)
 o - a ring of ice
 s - a ring of willpower
 t - a ring of poison resistance (right hand)
 u - a +5 ring of evasion (left hand)
 y - a ring of positive energy
 G - a +6 ring of intelligence
 H - a ring of ice
 I - an amulet of the acrobat
 Q - a +6 ring of strength
Wands
 b - a wand of polymorph (19)
 A - a wand of roots (26)
 F - a wand of digging (9)
 L - a wand of acid (15)
 T - a wand of charming (1)
Scrolls
 h - 3 scrolls of identify
 k - 2 scrolls of immolation
 B - 5 scrolls of teleportation
 J - 3 scrolls of fear
 W - 2 scrolls of vulnerability
 X - 2 scrolls of fog
Potions
 l - 3 potions of attraction
 n - 3 potions of cancellation
 p - 4 potions of curing
 r - 3 potions of magic
 x - 2 potions of lignification
 z - a potion of haste
 K - 2 potions of mutation
 M - a potion of resistance
 O - 3 potions of flight
 U - 3 potions of might
Miscellaneous
 v - a box of beasts


   Skills:
 * Level 10.5 Fighting
 + Level 14.8 Long Blades
 - Level 3.0 Throwing
 - Level 4.0 Armour
 - Level 4.0 Dodging
 - Level 3.0 Stealth
 - Level 8.0 Shields
 - Level 3.0 Evocations


You had 11 spell levels left.
You didn't know any spells.
Your spell library contained the following spells:

 Spells                   Type           Power      Damage    Failure   Level
 Apportation              Tloc           0%         N/A       97%         1
 Necrotise                Necr           0%         1d4       97%         1
 Summon Small Mammal      Summ           0%         N/A       97%         1
 Static Discharge         Conj/Air       0%         2-2/arc   99%         2
 Call Canine Familiar     Summ           0%         N/A       100%        3
 Portal Projectile        Hex/Tloc       0%         N/A       100%        3
 Vhi's Electric Charge    Tloc/Air       0%         N/A       100%        3
 Leda's Liquefaction      Hex/Erth       0%         N/A       100%        4
 Arcjolt                  Conj/Air       0%         1d10      100%        5
 Plasma Beam              Fire/Air       0%         2x1d7     100%        5


Dungeon Overview and Level Annotations

Branches:
Dungeon (13/15)            Temple (1/1) D:7            Lair (0/5) D:8
    Orc (0/2) D:9           Sewer (visited)
 Vaults: D:13-14

Altars:
Ashenzari
Cheibriados
Dithmenos
Fedhas
Gozag
Hepliaklqana
Kikubaaqudgha
Makhleb
Nemelex Xobeh
Okawaru
Qazlal
Ru
Sif Muna
Trog
Uskayaw
Vehumet
Wu Jian
Xom
Yredelemnul

Shops:
D:3 (


Innate Abilities, Weirdness & Mutations

You have a pair of small horns on your head.
You are completely covered in yellow scales. (AC +4, rCorr)
You sometimes emit foul miasma when damaged in melee.
You are mostly covered in sharp spines.


Message History

The deep elf zephyrmancer hits you with a +0 long sword.
* * * LOW HITPOINT WARNING * * *
You closely miss the deep elf zephyrmancer.
The kobold brigand shouts!
You headbutt the deep elf zephyrmancer!
The deep elf zephyrmancer is heavily wounded.
You block the deep elf archer's attack.
The deep elf zephyrmancer is struck by your spines.
The deep elf zephyrmancer hits you but does no damage.
You block the kobold's attack.
You hit the deep elf zephyrmancer. You burn the deep elf zephyrmancer.
The deep elf zephyrmancer is severely wounded.
The deep elf archer gestures wildly while chanting.
The deep elf archer blinks!
The deep elf zephyrmancer barely misses you.
Unknown command.
You slice the deep elf zephyrmancer!! You burn the deep elf zephyrmancer.
You kill the deep elf zephyrmancer!
Trog accepts your kill.
Trog appreciates your killing of a magic user.
The kobold brigand throws a poisoned dart.
The poisoned dart misses you. You block the kobold's attack.
The deep elf archer casts a spell at you.
You are confused.
The kobold is struck by your spines. The kobold hits you but does no damage.
You hit the kobold. You burn the kobold.
You kill the kobold!
Trog accepts your kill.
The deep elf archer unwields a +0 short sword.
The deep elf archer wields a +0 shortbow.
The deep elf archer shoots an arrow.
The arrow hits you!!
* * * LOW HITPOINT WARNING * * *
The kobold brigand throws a poisoned dart.
The poisoned dart barely misses you.
The deep elf archer shoots an arrow.
The arrow hits you but does no damage.
Things that are here:
a +0 dagger; a kobold corpse You're too confused to move!
The deep elf archer shoots an arrow.
The arrow hits you!!
You die...

....... #.^##.........
....(.(###.............
........##(..#.........
........)...##.........
#####))#######........
#))# #.....### #e.#
#....## # # #..# #
#.....# #
#..##.#@)#.##..#....####
#...)).....# #.....#.#
###.#K)#.#####........
..............)...###
................(...# #
#####.#..#.#####....####
........ #.....#..
##.#..#.## #........ #
#..# # #........


You could see a deep elf archer (repels missiles) and a kobold brigand.

Vanquished Creatures
  Rupert (D:12)
  A yaktaur captain (D:10)
  10 two-headed ogres
  An ogre mage (D:13)
  Erica (D:8)
  A boulder beetle (D:13)
  Sonja (D:12)
  Lodul (D:12)
  2 deep elf pyromancers
  A deep elf zephyrmancer (D:13)
  An ugly thing (D:12)
  3 cyclopes
  2 gargoyles
  2 unseen horrors
  5 yaktaurs (D:13)
  A kobold demonologist (D:13)
  2 efreet (D:13)
  4 trolls
  The ghost of Darius099 the Cleaver, an amateur MiFi (D:5)
  Grinder (D:5)
  Sigmund (D:3)
  3 shadows
  2 vampires
  2 wraiths (D:11)
  4 yaks
  2 steam dragons
  11 vampire mosquitoes
  Menkaure (D:7)
  An acid dragon (D:11)
  4 ice beasts
  4 orc warriors
  10 ogres
  3 centaurs
  3 phantoms
  5 kobold brigands
  A bullfrog (D:9)
  A gnoll sergeant (D:8)
  6 scorpions
  A wyvern zombie (D:5)
  A wight (D:5)
  12 killer bees
  5 electric eels (D:10)
  4 howler monkeys (D:8)
  A centaur zombie (D:5)
  Crazy Yiuf (D:3)
  4 hounds
  4 jellies
  4 orc priests
  4 gnoll boudas
  Jessica (D:2)
  4 iguanas
  Natasha (thrice) (D:2)
  13 orc wizards
  Robin (D:3)
  21 gnolls
  10 adders
  A howler monkey skeleton (D:5)
  A river rat (Sewer)
  3 white imps
  An ufetubus (D:6)
  4 worms
  39 orcs
  7 endoplasms
  10 giant cockroaches
  6 hobgoblins
  A jackal (Sewer)
  26 kobolds
  4 quokkas
  7 ball pythons
  6 bats
  4 frilled lizards
  14 goblins
  9 rats
  2 butterflies (D:5)
345 creatures vanquished.

Vanquished Creatures (others)
  3 orcs (D:9)
3 creatures vanquished.

Grand Total: 348 creatures vanquished

Notes
Turn   | Place    | Note
-------+----------+-------------------------------------------
     0 | D:1      | IdlyInterested the Demonspawn Gladiator began the quest for
                  | the Orb.
     0 | D:1      | Reached XP level 1. HP: 16/16 MP: 1/1
   168 | D:1      | Reached skill level 3 in Long Blades
   199 | D:1      | Found a faded altar of an unknown god.
   214 | D:1      | Gained mutation: You are partially covered in sharp spines.
                  | [demonic ancestry]
   214 | D:1      | Reached XP level 2. HP: 21/22 MP: 2/2
   323 | D:1      | Reached skill level 1 in Armour
   675 | D:2      | Identified a scroll of acquirement
   675 | D:2      | Acquired the +1 pair of boots of the Jumping Gods {Fly
                  | rElec rN+}
   722 | D:2      | Gained mutation: You are partially covered in yellow
                  | scales. (AC +2) [demonic ancestry]
   722 | D:2      | Reached XP level 3. HP: 26/27 MP: 3/3
   740 | D:2      | Noticed Natasha
   744 | D:2      | Killed Natasha
   745 | D:2      | Reached skill level 4 in Long Blades
   745 | D:2      | Reached skill level 1 in Stealth
   894 | D:2      | Noticed Jessica
   911 | D:2      | Killed Jessica
   912 | D:2      | Gained mutation: You have a pair of small horns on your
                  | head. [demonic ancestry]
   912 | D:2      | Reached XP level 4. HP: 26/33 MP: 4/4
   994 | D:2      | Reached skill level 1 in Evocations
  1084 | D:2      | Noticed Natasha
  1092 | D:2      | Killed Natasha
  1191 | D:2      | Gained mutation: You may rarely emit foul miasma when
                  | damaged in melee. [demonic ancestry]
  1191 | D:2      | Reached XP level 5. HP: 38/38 MP: 5/5
  1220 | D:2      | Noticed Natasha
  1233 | D:2      | Killed Natasha
  1517 | D:3      | Found an ancient bone altar of Kikubaaqudgha.
  1546 | D:3      | Reached skill level 5 in Long Blades
  1659 | D:3      | Noticed Terence
  1667 | D:3      | Terence changed into Terence the gnoll
  1667 | D:3      | Noticed Terence
  1681 | D:3      | Killed Terence the gnoll
  1867 | D:3      | Found Fayxolat's Weapon Emporium.
  1868 | D:3      | Noticed Robin
  1890 | D:3      | Gained mutation: You sometimes emit foul miasma when
                  | damaged in melee. [demonic ancestry]
  1890 | D:3      | Reached XP level 6. HP: 46/47 MP: 6/6
  1896 | D:3      | Noticed Sigmund
  1912 | D:3      | Killed Sigmund
  1913 | D:3      | Reached skill level 6 in Long Blades
  1927 | D:3      | Killed Robin
  2048 | D:3      | Found a runed translucent door.
  2049 | D:3      | Noticed Crazy Yiuf
  2059 | D:3      | Killed Crazy Yiuf
  2581 | D:3      | Bought 8 stones for 10 gold pieces
  2581 | D:3      | Bought 3 stones for 3 gold pieces
  2588 | D:4      | Found an opulent altar of Gozag.
  2603 | D:4      | Reached XP level 7. HP: 37/54 MP: 7/7
  2975 | D:4      | You are sucked into a shaft and drop 1 floor!
  2975 | D:5      | Entered Level 5 of the Dungeon
  2975 | D:5      | Found a runed translucent door.
  2985 | D:5      | Noticed a vampire mosquito
  2997 | D:5      | Found a runed translucent door.
  3074 | D:5      | Reached skill level 7 in Long Blades
  3226 | D:5      | Noticed Grinder
  3228 | D:5      | Found a transporter.
  3228 | D:5      | Noticed Darius099's ghost (amateur MiFi)
  3588 | D:5      | Paralysed by Grinder for 2 turns
  3592 | D:5      | Killed Grinder
  3593 | D:5      | Reached skill level 8 in Long Blades
  3593 | D:5      | Gained mutation: You are mostly covered in sharp spines.
                  | [demonic ancestry]
  3593 | D:5      | Reached XP level 8. HP: 57/60 MP: 8/8
  3676 | D:5      | Reached skill level 1 in Shields
  3819 | D:5      | Found a transporter.
  3887 | D:5      | Reached skill level 9 in Long Blades
  3978 | D:5      | Reached XP level 9. HP: 43/65 MP: 9/9
  3993 | D:5      | Killed Darius099's ghost
  4242 | D:6      | Identified the +2 robe of Geysch {Will- MP+9 SInv}
  4353 | D:6      | Found a glowing drain.
  4369 | Sewer    | Entered a sewer
  4427 | Sewer    | Reached skill level 10 in Long Blades
  5595 | D:7      | Found a staircase to the Ecumenical Temple.
  5604 | Temple   | Entered the Ecumenical Temple
  5790 | Temple   | Became a worshipper of Trog the Wrathful
  5859 | D:7      | Noticed Menkaure
  5868 | D:7      | Killed Menkaure
  5869 | D:7      | Reached skill level 11 in Long Blades
  5959 | D:7      | Found a shimmering altar of Xom.
  6498 | D:8      | Gained mutation: You are mostly covered in yellow scales.
                  | (AC +3) [demonic ancestry]
  6498 | D:8      | Reached XP level 10. HP: 33/71 MP: 10/10
  6499 | D:8      | Noticed a two-headed ogre
  6505 | D:8      | Noticed Erica
  6519 | D:8      | Killed a two-headed ogre
  6524 | D:8      | Killed Erica
  6524 | D:8      | Reached * piety under Trog
  6525 | D:8      | Reached skill level 12 in Long Blades
  6800 | D:8      | Noticed a two-headed ogre
  6800 | D:8      | Noticed a deep elf pyromancer
  6927 | D:8      | Found a staircase to the Lair.
  7524 | D:8      | Killed a two-headed ogre
  7525 | D:8      | Reached skill level 5 in Fighting
  7526 | D:8      | Killed a deep elf pyromancer
  7527 | D:8      | Reached skill level 13 in Long Blades
  7795 | D:9      | Noticed a two-headed ogre
  7803 | D:9      | Killed a two-headed ogre
  7804 | D:9      | Reached XP level 11. HP: 28/81 MP: 11/11
  7805 | D:9      | Found a staircase to the Orcish Mines.
  7825 | D:9      | Noticed a two-headed ogre
  7833 | D:9      | HP: 3/81 [two-headed ogre/+0 dire flail (23)]
  7834 | D:9      | Killed a two-headed ogre
  7843 | D:9      | HP: 4/81 [orc priest/+0 mace (3)]
  8431 | D:10     | Entered Level 10 of the Dungeon
  8679 | D:10     | Reached ** piety under Trog
  8721 | D:10     | Noticed a yaktaur captain
  8733 | D:10     | Killed a yaktaur captain
  8734 | D:10     | Reached skill level 14 in Long Blades
  8973 | D:10     | Reached skill level 5 in Shields
  8987 | D:10     | HP: 2/81 [orc warrior/+0 flail (6)]
  9716 | D:11     | Noticed a two-headed ogre
  9723 | D:11     | Killed a two-headed ogre
 10537 | D:12     | Noticed a red ugly thing
 10548 | D:12     | Killed a red ugly thing
 10781 | D:12     | Noticed Sonja
 10796 | D:12     | Killed Sonja
 10796 | D:12     | Reached *** piety under Trog
 10797 | D:12     | Gained mutation: You are completely covered in yellow
                  | scales. (AC +4, rCorr) [demonic ancestry]
 10797 | D:12     | Reached XP level 12. HP: 72/92 MP: 12/12
 10873 | D:12     | Noticed Lodul
 10874 | D:12     | Noticed Rupert
 10889 | D:12     | Killed Rupert
 10893 | D:12     | Killed Lodul
 11030 | D:12     | Noticed a two-headed ogre
 11040 | D:12     | Killed a two-headed ogre
 11666 | D:13     | Noticed a two-headed ogre
 11689 | D:13     | Killed a two-headed ogre
 12100 | D:13     | Noticed a boulder beetle
 12104 | D:13     | Noticed a two-headed ogre
 12104 | D:13     | Noticed a two-headed ogre
 12119 | D:13     | Killed a boulder beetle
 12150 | D:13     | Noticed an ogre mage
 12156 | D:13     | Killed a two-headed ogre
 12157 | D:13     | Paralysed by an ogre mage for 4 turns
 12161 | D:13     | Noticed a two-headed ogre
 12164 | D:13     | Killed an ogre mage
 12169 | D:13     | Killed a two-headed ogre
 12170 | D:13     | Reached skill level 10 in Fighting
 12183 | D:13     | Killed a two-headed ogre
 12210 | D:13     | Shot with an arrow by a deep elf archer

Illustrated notes

Levels and vault maps discovered:
D:1:      grunt_arrival_crossed_arrows, layout_basic,
          hellmonk_ecumenical_altar_blasted
D:2:      layout_loops_cross, kennysheep_generic_room_10, uniq_jessica,
          uniq_natasha
D:3:      layout_loops_cross, lemuel_coloured_pillars_altar,
          kiku_gazebo_garden_becter, serial_shops,
          nicolae_shop_bloodbath_and_beyond, minmay_statues_item,
          chequers_serial_rivers_large_a, uniq_terence, uniq_robin,
          uniq_crazy_yiuf_cottage, uniq_sigmund
D:4:      layout_rooms, mainiacjoe_overflow_large_starburst,
          corexii_checkpoint_a
D:5:      lemuel_insect_pit, layout_basic, gammafunk_ghost_mausoleum,
          uniq_grinder
D:6:      layout_basic, cheibrodos_sewer_entry_sluice
D:7:      layout_rooms, mainiacjoe_overflow_boulevard,
          minmay_temple_entry_statues_fountains, uniq_menkaure
D:8:      layout_basic, lair_entry_dummy, minmay_misc_feat_room,
          lightli_corner_chamber, uniq_erica
D:9:      layout_rooms, david_orc_2, chequers_serial_rivers_micro_d
D:10:     layout_basic, kennysheep_just_a_vault
D:11:     layout_loops_ring, kennysheep_generic_room_11
D:12:     layout_long_grid, uniq_lodul, uniq_sonja, uniq_rupert
D:13:     layout_cave_pools, hangedman_vaults_entry_quadrant_bands,
          nicolae_wu_jian_immortal_techniques
Temple:   bh_familiar_temple

Skill      XL: |  1  2  3  4  5  6  7  8  9 10 11 12 |
---------------+-------------------------------------+-----
Long Blades    | 3 4 5 6 8 9 11 13 14 | 14.8
Armour         | 1 3 4 |  4.0
Stealth        | 1 2 3 |  3.0
Evocations     | 1 2 3 |  3.0
Fighting       | 3 4 5 8 10 | 10.5
Dodging        | 4 |  4.0
Shields        | 3 4 6 8 |  8.0
Throwing       | 2 3 |  3.0

Action                     |  1- 3 |  4- 6 |  7- 9 | 10-12 || total
---------------------------+-------+-------+-------+-------++-------
  Melee: Long sword        |    82 |   135 |   335 |    38 ||   590
         Punch             |     2 |     3 |     3 |       ||     8
         Headbutt          |       |    25 |    72 |   102 ||   199
         Scimitar          |       |       |       |   392 ||   392
  Throw: Stone             |     1 |    14 |    10 |     1 ||    26
         Javelin           |       |       |       |     1 ||     1
         Dart              |       |       |       |    15 ||    15
 Invoke: Berserk           |       |       |       |     2 ||     2
         Trog's Hand       |       |       |       |     2 ||     2
  Evoke: Wand              |       |     1 |       |     1 ||     2
    Use: Scroll            |     5 |     4 |     9 |     7 ||    25
         Potion            |       |     1 |     1 |     7 ||     9
   Stab: Sleeping          |       |     6 |     8 |     4 ||    18
 Armour: Leather armour    |    22 |       |       |       ||    22
         Chain mail        |     6 |       |       |       ||     6
         Robe              |       |    35 |    63 |     6 ||   104
         Steam dragon scal |       |       |       |    62 ||    62
         Troll leather arm |       |       |       |    13 ||    13
  Dodge: Dodged            |    44 |    69 |   228 |   175 ||   516
  Block: Other             |    23 |    29 |    68 |       ||   120
         Reflection        |       |     2 |     2 |    20 ||    24
         Kite shield       |       |       |    36 |   139 ||   175
         Tower shield      |       |       |     3 |   205 ||   208

Table legend: (Time is in decaauts)
 A = Elapsed time spent in this place.
 B = Non-inter-level travel time spent in this place.
 C = Inter-level travel time spent in this place.
 D = Time resting spent in this place.
 E = Time spent auto-exploring this place.
 F = Levels seen in this place.
 G = Mean time per level.
                   A        B        C        D        E       F      G
               +--------+--------+--------+--------+--------+-----+--------+
         Total |  12283 |  10699 |   1584 |   1126 |   6072 |  15 |  818.9 |
       Dungeon |  11917 |  10396 |   1521 |   1126 |   5881 |  13 |  916.7 |
        Temple |    229 |    166 |     63 |      0 |    162 |   1 |  229.0 |
         Sewer |    136 |    136 |      0 |      0 |     29 |   1 |  136.0 |
               +--------+--------+--------+--------+--------+-----+--------+

Top non-repeatable levels by time:
     D:3: 1265 daAuts
     D:5: 1251 daAuts
    D:12: 1185 daAuts
     D:8: 1182 daAuts
    D:10: 1149 daAuts
    D:11: 1060 daAuts
     D:6: 996 daAuts
     D:7: 841 daAuts
     D:2: 806 daAuts
     D:9: 748 daAuts
     D:1: 680 daAuts
     D:4: 414 daAuts
    D:13: 337 daAuts
  Temple: 229 daAuts
   Sewer: 136 daAuts
